 Dungeon Crawl Stone Soup version 0.30-a0-948-g4fa250aae5 (webtiles) character file.

Game seed: 1546707640217488388

255 cheesebisquit the Ruffian (level 5, 0/53 HPs)
             Began as a Troll Fighter on Mar 26, 2023.
             Slain by a gnoll
             ... wielding a +0 whip
             ... led by a gnoll bouda
              (4 damage)
             ... on level 3 of the Dungeon.
             The game lasted 00:06:07 (2065 turns).

cheesebisquit the Ruffian (Troll Fighter)           Turns: 2065, Time: 00:06:08

Health: 0/53       AC:  4    Str: 26    XL:     5   Next: 91%
Magic:  4/4        EV:  8    Int:  4    God:
Gold:   140        SH:  8    Dex:  9    Spells: 4/4 levels left

rFire   . . .      SeeInvis .      - Unarmed
rCold   . . .      Faith    .    b - +0 kite shield
rNeg    . . .      Spirit   .    a - +0 robe
rPois   .          Reflect  .    (helmet restricted)
rElec   .          Rampage  .    (no cloak)
rCorr   .                        (gloves unavailable)
Will    .....                    (boots unavailable)
Stlth   +                        l - amulet of magic regeneration
HPRegen 1.08/turn                (no ring)
MPRegen 0.49/turn                (no ring)

@: brilliant, attractive
A: large, unfitting armour, claws 3, regeneration 1, shaggy fur 1, tough skin 1
a: no special abilities


You were on level 3 of the Dungeon.
You visited 1 branch of the dungeon, and saw 3 of its levels.

You collected 140 gold pieces.

Inventory:

Hand Weapons
 p - a +0 giant spiked club
Missiles
 q - 3 large rocks (quivered)
Armour
 a - a +0 robe (worn)
 b - a +0 kite shield (worn)
Jewellery
 l - an amulet of magic regeneration (around neck)
Scrolls
 e - 2 scrolls of fear {unknown}
 i - a scroll of magic mapping {unknown}
 k - a scroll of teleportation {unknown}
 r - a scroll of identify {unknown}
Potions
 c - 3 potions of might
 d - a potion of brilliance
 f - 4 potions of attraction
 g - a potion of haste {unknown}
 h - a potion of ambrosia {unknown}
 j - a potion of invisibility {unknown}
 m - a potion of heal wounds {unknown}
 n - a potion of resistance {unknown}
 o - a potion of mutation {unknown}


   Skills:
 + Level 3.4 Fighting
 - Level 2.4 Dodging
 + Level 3.8 Shields
 * Level 4.6 Unarmed Combat


You had 4 spell levels left.
You didn't know any spells.
Your spell library contained the following spells:

 Spells                   Type           Power      Damage    Failure   Level
 Apportation              Tloc           0%         N/A       80%         1
 Necrotise                Necr           0%         1d4       80%         1
 Summon Small Mammal      Summ           0%         N/A       80%         1
 Malign Gateway           Summ/Tloc      0%         N/A       100%        7
 Summon Horrible Things   Summ           0%         N/A       100%        8


Dungeon Overview and Level Annotations

Branches:
Dungeon (3/15)

Altars:


Innate Abilities, Weirdness & Mutations

You are too large for most types of armour.
You have claws for hands.
Your natural rate of healing is unusually fast.
You are covered in fur. (AC +1)
You have tough skin. (AC +1)


Message History

The gnoll bouda hits you but does no damage.
You scratch the gnoll bouda but do no damage.
The gnoll bouda is heavily wounded.
Your attacks no longer feel as feeble.
The gnoll hits you from afar with a +0 spear.
You claw the gnoll bouda!
You kill the gnoll bouda!
The gnoll barely misses you. You block the gnoll's attack.
The gnoll hits you from afar with a +0 halberd.
You scratch the gnoll but do no damage.
The gnoll is no longer moving quickly.
The gnoll completely misses you. The gnoll closely misses you.
You scratch the gnoll but do no damage.
The gnoll is no longer moving quickly.
You block the gnoll's attack.
The gnoll hits you from afar with a +0 halberd!
The gnoll hits you from afar with a +0 spear.
The gnoll is no longer moving quickly.
You claw the gnoll!
You kill the gnoll!
The gnoll is no longer moving quickly.
The gnoll hits you with a +0 spear.
You claw the gnoll!
The gnoll is severely wounded.
The gnoll closely misses you. The gnoll hits you with a +0 whip.
You mangle the gnoll!!
You kill the gnoll!
The gnoll hits you from afar with a +0 halberd!
You scratch the gnoll.
The gnoll is lightly wounded.
The gnoll hits you from afar with a +0 halberd!
* * * LOW HITPOINT WARNING * * *
The gnoll hits you with a +0 whip.
* * * LOW HITPOINT WARNING * * *
It was a potion of attraction.
You feel attractive to monsters. You block the gnoll's attack.
The gnoll hits you but does no damage. The gnoll is attracted toward you.
It was a potion of brilliance.
You feel clever all of a sudden. The gnoll barely misses you.
The gnoll hits you with a +0 whip.
You die...

#... #...# ###...##
#...# .......## #...#
#.....#######...##
#.##.................
..g..g...............
#.##gg...............
#.#####..#######[..##
#...@g§..# #...#
#.##g##.## #.#.# #
#.##.# ###...##
.$...# #.......
##.#########.#....g
..# #.. ...#..... ###
#.####.#>....
#.##.........
###.##.#.#.#..g


You could see 2 gnolls.

Vanquished Creatures
  An ogre (D:3)
  A gnoll bouda (D:3)
  Jessica (D:2)
  3 gnolls (D:3)
  5 adders
  An orc (D:3)
  4 ball pythons
  3 bats
  6 endoplasms
  4 giant cockroaches
  3 hobgoblins (D:3)
  A quokka (D:1)
  A frilled lizard (D:2)
  3 goblins
  3 kobolds
  2 rats (D:1)
42 creatures vanquished.

Notes
Turn   | Place    | Note
-------+----------+-------------------------------------------
     0 | D:1      | cheesebisquit the Troll Fighter began the quest for the
                  | Orb.
     0 | D:1      | Reached XP level 1. HP: 22/22 MP: 0/0
   214 | D:1      | Reached XP level 2. HP: 29/29 MP: 1/1
  1002 | D:2      | Reached skill level 3 in Unarmed Combat
  1002 | D:2      | Reached XP level 3. HP: 36/36 MP: 2/2
  1045 | D:2      | Noticed Jessica
  1053 | D:2      | Killed Jessica
  1054 | D:2      | Reached XP level 4. HP: 39/44 MP: 3/3
  1744 | D:3      | Noticed an ogre
  1908 | D:3      | Killed an ogre
  1909 | D:3      | Reached skill level 4 in Unarmed Combat
  1909 | D:3      | Reached XP level 5. HP: 33/53 MP: 4/4
  2063 | D:3      | HP: 2/53 [gnoll/+0 whip[a gnoll bouda] (4)]
  2065 | D:3      | Slain by a gnoll

Illustrated notes

Levels and vault maps discovered:
D:1:      sevenhm_arrival_forest_fort_large_1, layout_loops_cross
D:2:      layout_basic, uniq_jessica
D:3:      layout_loops_cross, ebering_ecumenical_altar_rust

Skill      XL: |  1  2  3  4 |
---------------+-------------+-----
Shields        | 3 |  3.8
Unarmed Combat | 3 4 |  4.6
Fighting       | 3 |  3.4
Dodging        | |  2.4

Action                     |  1- 3 |  4- 6 || total
---------------------------+-------+-------++-------
  Melee: Unarmed           |    56 |    72 ||   128
  Throw: Stone             |     3 |       ||     3
    Use: Potion            |       |     2 ||     2
 Armour: Robe              |    14 |    23 ||    37
  Dodge: Dodged            |    12 |    25 ||    37
  Block: Kite shield       |    20 |    26 ||    46

Table legend: (Time is in decaauts)
 A = Elapsed time spent in this place.
 B = Non-inter-level travel time spent in this place.
 C = Inter-level travel time spent in this place.
 D = Time resting spent in this place.
 E = Time spent auto-exploring this place.
 F = Levels seen in this place.
 G = Mean time per level.
                   A        B        C        D        E       F      G
               +--------+--------+--------+--------+--------+-----+--------+
         Total |   2074 |   1789 |    285 |      5 |   1425 |   3 |  691.3 |
       Dungeon |   2074 |   1789 |    285 |      5 |   1425 |   3 |  691.3 |
               +--------+--------+--------+--------+--------+-----+--------+

Top non-repeatable levels by time:
     D:1: 875 daAuts
     D:2: 768 daAuts
     D:3: 430 daAuts
